 Dungeon Crawl Stone Soup version 0.17-a0-1123-g6d3914c (webtiles) character file.

61 Kisielow the Chiller (level 4, -1/30 HPs)
             Began as a Merfolk Ice Elementalist on May 24, 2015.
             Slain by a hobgoblin (2 damage)
             ... on level 2 of the Dungeon.
             The game lasted 00:08:20 (1417 turns).

Kisielow the Chiller (Merfolk Ice Elementalist)     Turns: 1417, Time: 00:08:20

Health: -1/30      AC:  3    Str:  7 (9)  XL:     4   Next: 7%
Magic:  6/7        EV: 10    Int: 14      God:
Gold:   102        SH:  0    Dex: 14      Spells: 2 memorised, 3 levels left

rFire  + . .     SeeInvis .     (no weapon)
rCold  + . .     Clarity  .     a - +0 robe
rNeg   . . .     SustAt   .     (no shield)
rPois  +         Gourm    .     k - +0 helmet
rElec  +         Spirit   .     (no cloak)
rCorr  +         Warding  .     (no gloves)
rMut   .         Stasis   .     (no boots)
MR     .....                    (no amulet)
Stlth  ++........               (no ring)
                                (no ring)

@: resistant, starving, constricted, not resistant to hostile enchantments,
unstealthy
A: change form in water, swift swim
a: no special abilities


You were on level 2 of the Dungeon.
You were starving.

You visited 1 branch of the dungeon, and saw 3 of its levels.

You collected 102 gold pieces.

Inventory:

Armour
 a - a +0 robe (worn)
 k - a +0 helmet (worn)
Jewellery
 p - an uncursed ring of fire
Scrolls
 e - a scroll of teleportation {unknown}
 j - 2 scrolls of remove curse {unknown}
 l - a scroll of random uselessness {unknown}
 m - 2 scrolls of identify {unknown}
 n - a scroll of enchant weapon {unknown}
Potions
 d - a potion of cure mutation {unknown}
 f - a potion of might {unknown}
Books
 b - a book of Frost

   Spells                             Type                      Level
   a - Freeze                         Ice                          1
   b - Throw Frost                    Conjuration/Ice              2
   c - Ozocubu's Armour               Charms/Ice                   3
   d - Throw Icicle                   Conjuration/Ice              4
   e - Summon Ice Beast               Ice/Summoning                4
   f - Condensation Shield            Ice                          4
Comestibles
 c - a bread ration
 q - a beef jerky
 r - 2 chunks of flesh


   Skills:
 - Level 2.6 Dodging
 - Level 2.1 Stealth
 - Level 2.0 Spellcasting
   Level 0.7 Conjurations
 * Level 0.9 Charms
 - Level 5.1 Ice Magic


You had 3 spell levels left.
You knew the following spells:

 Your Spells              Type           Power        Failure   Level  Hunger
a - Freeze                Ice            ###.         2%          1    ##.....
q - Ozocubu's Armour      Chrm/Ice       #.......     21%         3    ####...


Dungeon Overview and Level Annotations

Branches:
Dungeon (3/15)

Altars:

Annotations:
D:2 Sigmund
D:3 igornogaf's ghost, average TeAE


Message History

Aim: a giant newt You freeze the giant newt.
You kill the giant newt!
You are starving!
The hobgoblin closely misses you.
The ball python bites you but does no damage.
* * * LOW HITPOINT WARNING * * *
The ball python constricts you.
You don't have the energy to cast that spell.
You don't have the energy to cast that spell.
You closely miss the ball python.
The hobgoblin hits you but does no damage.
The ball python barely misses you. The ball python constricts you.
You closely miss the ball python. The ball python closely misses you.
* * * LOW HITPOINT WARNING * * *
The ball python constricts you. The hobgoblin barely misses you.
You closely miss the ball python. The ball python closely misses you.
* * * LOW HITPOINT WARNING * * *
The ball python constricts you. The hobgoblin hits you.
You die...

.... #[.. #
#... . #...
.# #...###.#
###.......
#....gS.#
#..[..@.#
#........#
#...........
#..#........#
#.
##......#..
.. ##...#....
# ....#.#.#
####. .##


You could see a hobgoblin and a ball python.

Vanquished Creatures
  2 hound skeletons (D:3)
  An adder skeleton (D:3)
  A bat skeleton (D:3)
  2 giant cockroaches (D:1)
  5 hobgoblins
  A ball python skeleton (D:3)
  5 bats (D:1)
  A giant cockroach zombie (D:3)
  A giant gecko (D:1)
  2 giant newts
  4 goblins
  A jackal skeleton (D:3)
  8 kobolds
  3 rats (D:1)
37 creatures vanquished.

Notes
Turn   | Place    | Note
--------------------------------------------------------------
     0 | D:1      | Kisielow the Merfolk Ice Elementalist began the quest for the Orb.
     0 | D:1      | Reached XP level 1. HP: 13/13 MP: 3/3
   335 | D:1      | Reached XP level 2. HP: 17/19 MP: 0/5
   374 | D:1      | Reached skill level 4 in Ice Magic
   885 | D:1      | Reached XP level 3. HP: 24/24 MP: 3/6
   897 | D:1      | Learned a level 3 spell: Ozocubu's Armour
  1160 | D:2      | Noticed Sigmund
  1283 | D:3      | Noticed igornogaf's ghost (average TeAE)
  1363 | D:3      | Reached skill level 5 in Ice Magic
  1363 | D:3      | Reached XP level 4. HP: 10/30 MP: 7/7
  1417 | D:2      | HP: 1/30 [ball python (1)]
  1417 | D:2      | Slain by a hobgoblin

Vault maps used:
D:1:      sevenhm_arrival_forest_fort_small_6
D:2:      kennysheep_goblin_castle, uniq_sigmund
D:3:      first_bread, serial_undead, serial_undead_c, serial_undead_b,
          serial_undead_a, serial_undead_f, uniq_crazy_yiuf_cottage

Action                   |  1- 3 |  4- 6 || total
-------------------------+-------+-------++-------
Melee: Unarmed           |    95 |    40 ||   135
 Cast: Freeze            |    38 |     1 ||    39
       Ozocubu's Armour  |     2 |     1 ||     3
  Use: Potion            |       |     4 ||     4
  Eat: Chunk             |     1 |       ||     1
